 Dungeon Sprint DCSS version 0.16.2-2-g470672f (webtiles) character file.

16200000 ztt the Plane Walker (level 27, -10/273 HPs)
             Began as a Ghoul Warper on Aug 27, 2015.
             Was the Champion of Makhleb.
             Mangled by a sculptor of flesh
             ... wielding a +9 great sword
              (223 damage)
             ... in the Dungeon (Sprint VIII: "Arena of Blood").
             The game lasted 00:04:30 (162 turns).

ztt the Plane Walker (Ghoul Warper)                  Turns: 162, Time: 00:04:30

Health: -10/273    AC:  6    Str: 21    XL:     27
Magic:  42/49      EV: 30    Int:  8    God:    Makhleb [******]
Gold:   0          SH:  0    Dex: 15    Spells: 1 memorised, 79 levels left

rFire  . . .     SeeInvis +     j - +∞ Axe of Woe
rCold  + . .     Clarity  .     b - +0 leather armour
rNeg   + + +     SustAb   .     (no shield)
rPois  ∞         Gourm    .     (no helmet)
rElec  .         Spirit   .     (no cloak)
rCorr  .         Warding  .     (no gloves)
rMut   .         NoTele   +     (no boots)
MR     ++...                    (no amulet)
Stlth  +++.......               (no ring)
                                k - ring of see invisible

@: rotting, slowed, very slow, very resistant to hostile enchantments, fairly
stealthy
A: rotting body, claws 1, carnivore 3, cold resistance 1, negative energy
resistance 3, poison resistance, slow healing 1, torment resistance, unbreathing
a: Minor Destruction, Lesser Servant of Makhleb, Major Destruction, Greater
Servant of Makhleb, Renounce Religion
0: Orb of Zot


You were in the Dungeon.
You worshipped Makhleb.
Makhleb was exalted by your worship.
You were not hungry.

You visited 1 branch

Inventory:

Hand weapons
 a - a +0 hand axe
 j - the +∞ Axe of Woe (weapon)
   (You found it in the Dungeon)
Missiles
 e - 5 tomahawks of dispersal (quivered)
Armour
 b - a +0 leather armour (worn)
Jewellery
 k - a ring of see invisible (left claw)
Scrolls
 d - 2 scrolls of blinking
Potions
 f - a potion of curing
 g - a potion of heal wounds
 h - a potion of haste
 i - 2 potions of magic
Books
 c - a book of Spatial Translocations

   Spells                             Type                      Level
   a - Apportation                    Translocation                1
   b - Blink                          Translocation                2
   c - Shroud of Golubria             Charms/Translocation         2
   d - Portal Projectile              Translocation                3
   e - Teleport Other                 Translocation                3
   f - Passage of Golubria            Translocation                4


   Skills:
 O Level 27 Fighting
 O Level 27 Axes
 O Level 27 Throwing
 O Level 27 Armour
 O Level 27 Dodging
 O Level 27 Stealth
 O Level 27 Unarmed Combat
 O Level 27 Spellcasting
 O Level 27 Translocations
 O Level 27 Invocations


You had 79 spell levels left.
You knew the following spells:

 Your Spells              Type           Power        Failure   Level  Hunger
a - Apportation           Tloc           ######....   0%          1    None


Dungeon Overview and Level Annotations

Branches:
Dungeon (1/1)

Altars:
Makhleb


Innate Abilities, Weirdness & Mutations

Your body is rotting away.
You thrive on raw meat.
You have sharp fingernails.
You are carnivorous and can eat meat at any time.
Your flesh is cold resistant.
You are immune to negative energy.
Your system is resistant to poisons.
You heal slowly when monsters are visible.
You are immune to unholy pain and torment.
You can survive without breathing.


Message History

You hear a shout! x4
A corpse begins to drag itself along the ground!
Some corpses meld into an agglomeration of writhing flesh!
The destroyer blinks!
You hear a shout!
The accursed gestures at you while chanting.
Something smites you!
Two crawling corpses merge to form a small abomination.
The fleshlord is engulfed in poison gas.
The fleshlord is poisoned.
A crawling corpse merges with a small abomination to form a large abomination.
A crawling corpse merges with a large abomination.
The large abomination hits you!!
The small abomination completely misses you.
You hear a shout! x2
The accursed casts a spell at you. Something smites you!
The sculptor of flesh hits you with a +9 great sword!!!!!
Ouch! That really hurt!
You die...

#################
####....).)%.......####
###......x))............#
#........).##.##)#####....
.......X.))).....)%.......
....####)X)Sx##)##.......
#...))X)V...)....W...
....#..pxXo)M..#.#......
#...o@op.z.........#
#...#..zX.§)))o...%...
.....#..o..).)..%.....
..........)))........
........p.).........
...S...#)..)..%#...
#z....#O§.)..%#...
....###..)....###.
.........###......


You could see an accursed, a destroyer, 2 scourges, 3 fleshlords, 3 sculptors of
flesh, 5 large abominations, a meat berserker (berserk), 3 small abominations
and 5 bags of meat.

Vanquished Creatures
  Dispater (D)
  Sigmund (D)
  9 great orbs of eyes (D)
  6 greater mummies (D)
  7 hell beasts (D)
  13 hell knights (D)
  3 hill giants (D)
  6 hydras (D)
  3 liches (D)
  44 ogres (D)
  72 orcs (D)
  3 phantoms (D)
  5 skeletal warriors (D)
  11 vampire knights (D)
  7 wraiths (D)
  8 sea snakes (D)
  13 large abominations (D)
  3 small abominations (D)
  2 ball lightnings (D)
  15 crawling corpses (D)
232 creatures vanquished.

Vanquished Creatures (others)
  2 ball lightnings (D)
  A large abomination (D)
  2 crawling corpses (D)
5 creatures vanquished.

Grand Total: 237 creatures vanquished

Notes
Turn   | Place    | Note
--------------------------------------------------------------
     0 | D        | ztt, the Ghoul Warper, began the quest for the Orb.
     0 | D        | Reached XP level 1. HP: 17/17 MP: 2/2
     2 | D        | Noticed a bag of meat
     2 | D        | Noticed a bag of meat
     4 | D        | Noticed a bag of meat
     5 | D        | Noticed a bag of meat
     5 | D        | Noticed a bag of meat
     5 | D        | Noticed a meat berserker
     6 | D        | Noticed a bag of meat
     8 | D        | Became a worshipper of Makhleb the Destroyer
     9 | D        | Noticed a bag of meat
     9 | D        | Killed a bag of meat
     9 | D        | Reached skill level 10 in Fighting
     9 | D        | Reached skill level 10 in Spellcasting
     9 | D        | Reached skill level 17 in Translocations
     9 | D        | Reached XP level 2. HP: 21/39 MP: 2/16
     9 | D        | Reached XP level 3. HP: 24/46 MP: 2/18
     9 | D        | Reached XP level 4. HP: 27/53 MP: 2/20
     9 | D        | Reached XP level 5. HP: 30/59 MP: 2/21
     9 | D        | Reached XP level 6. HP: 34/67 MP: 2/23
     9 | D        | Reached XP level 7. HP: 37/73 MP: 2/24
     9 | D        | Reached XP level 8. HP: 41/81 MP: 2/25
     9 | D        | Reached XP level 9. HP: 43/86 MP: 2/27
     9 | D        | Reached XP level 10. HP: 47/94 MP: 2/27
     9 | D        | Reached XP level 11. HP: 50/101 MP: 2/28
    10 | D        | Noticed a bag of meat
    10 | D        | Killed a bag of meat
    10 | D        | Acquired Makhleb's first power
    10 | D        | Reached skill level 10 in Axes
    10 | D        | Reached skill level 10 in Dodging
    10 | D        | Reached skill level 19 in Translocations
    10 | D        | Reached XP level 12. HP: 50/112 MP: 2/31
    10 | D        | Killed a bag of meat
    10 | D        | Reached skill level 21 in Translocations
    10 | D        | Reached XP level 13. HP: 53/122 MP: 2/32
    11 | D        | Noticed a bag of meat
    11 | D        | Noticed a bag of meat
    11 | D        | Killed a bag of meat
    11 | D        | Acquired Makhleb's second power
    11 | D        | Reached skill level 22 in Translocations
    11 | D        | Reached XP level 14. HP: 56/132 MP: 2/34
    12 | D        | Noticed a meat berserker
    12 | D        | Noticed a bag of meat
    12 | D        | Killed a bag of meat
    12 | D        | Reached skill level 23 in Translocations
    12 | D        | Killed a bag of meat
    12 | D        | Acquired Makhleb's third power
    12 | D        | Reached skill level 15 in Fighting
    12 | D        | Reached skill level 5 in Throwing
    12 | D        | Reached skill level 24 in Translocations
    12 | D        | Reached XP level 15. HP: 113/141 MP: 3/35
    12 | D        | Killed a bag of meat
    13 | D        | Noticed a bag of meat
    13 | D        | Killed a bag of meat
    13 | D        | Reached skill level 15 in Axes
    13 | D        | Reached skill level 5 in Armour
    13 | D        | Reached skill level 15 in Spellcasting
    13 | D        | Reached skill level 25 in Translocations
    14 | D        | Noticed a bag of meat
    15 | D        | Noticed a bag of meat
    15 | D        | Noticed a bag of meat
    16 | D        | Killed a bag of meat
    16 | D        | Acquired Makhleb's fourth power
    16 | D        | Reached skill level 26 in Translocations
    16 | D        | Reached XP level 16. HP: 152/155 MP: 4/37
    17 | D        | Killed a bag of meat
    17 | D        | Reached skill level 15 in Dodging
    17 | D        | Reached skill level 27 in Translocations
    17 | D        | Killed a meat berserker
    17 | D        | Acquired Makhleb's fifth power
    18 | D        | Killed a meat berserker
    18 | D        | Killed a bag of meat
    18 | D        | Reached XP level 17. HP: 167/170 MP: 4/39
    19 | D        | Killed a bag of meat
    20 | D        | Noticed a destroyer
    21 | D        | Noticed a meat berserker
    22 | D        | Noticed a bag of meat
    23 | D        | Noticed a bag of meat
    23 | D        | Noticed a meat berserker
    23 | D        | Killed a destroyer
    24 | D        | Noticed a meat berserker
    24 | D        | Killed a bag of meat
    25 | D        | Noticed a bag of meat
    25 | D        | Killed a meat berserker
    25 | D        | Reached XP level 18. HP: 180/184 MP: 6/41
    25 | D        | Noticed a large bag of meat
    26 | D        | Killed a meat berserker
    26 | D        | Killed a bag of meat
    27 | D        | Killed a meat berserker
    28 | D        | Killed a large bag of meat
    29 | D        | Noticed a large bag of meat
    30 | D        | Noticed a meat berserker
    30 | D        | Killed a bag of meat
    30 | D        | Reached skill level 10 in Armour
    30 | D        | Reached XP level 19. HP: 197/200 MP: 7/43
    31 | D        | Killed a bag of meat
    31 | D        | Reached skill level 27 in Axes
    32 | D        | Noticed a bag of meat
    32 | D        | Noticed a meat berserker
    32 | D        | Noticed a destroyer
    32 | D        | Noticed a destroyer
    33 | D        | Noticed a bag of meat
    33 | D        | Noticed an eight-headed meat hydra
    33 | D        | Noticed a destroyer
    34 | D        | Noticed a bag of meat
    34 | D        | Noticed a meat berserker
    34 | D        | Noticed a destroyer
    34 | D        | Noticed a bag of meat
    34 | D        | Noticed a bag of meat
    35 | D        | Noticed a bag of meat
    35 | D        | Noticed a destroyer
    35 | D        | Killed a destroyer
    36 | D        | Noticed a bag of meat
    36 | D        | Noticed a bag of meat
    36 | D        | Noticed a meat berserker
    36 | D        | Killed a bag of meat
    36 | D        | Killed a destroyer
    36 | D        | Reached skill level 27 in Fighting
    36 | D        | Killed a meat berserker
    36 | D        | Reached XP level 20. HP: 216/216 MP: 9/45
    37 | D        | Noticed a bag of meat
    37 | D        | Noticed a sculptor of flesh
    37 | D        | Killed a destroyer
    37 | D        | Killed a bag of meat
    38 | D        | Noticed a bag of meat
    38 | D        | Noticed a bag of meat
    38 | D        | Noticed a meat berserker
    38 | D        | Killed a bag of meat
    38 | D        | Reached skill level 27 in Spellcasting
    38 | D        | Killed a meat berserker
    38 | D        | Reached skill level 10 in Throwing
    39 | D        | Noticed a bag of meat
    39 | D        | Noticed a bag of meat
    39 | D        | Noticed a sculptor of flesh
    39 | D        | Killed a meat berserker
    39 | D        | Reached skill level 15 in Armour
    39 | D        | Reached skill level 27 in Dodging
    40 | D        | Noticed a bag of meat
    40 | D        | Noticed a bag of meat
    40 | D        | Noticed a sculptor of flesh
    40 | D        | Killed a large bag of meat
    40 | D        | Killed a bag of meat
    40 | D        | Reached skill level 15 in Throwing
    40 | D        | Reached XP level 21. HP: 224/224 MP: 10/46
    41 | D        | Noticed a bag of meat
    41 | D        | Noticed a bag of meat
    41 | D        | Noticed a destroyer
    41 | D        | Killed a destroyer
    41 | D        | Killed a meat berserker
    42 | D        | Noticed a bag of meat
    42 | D        | Noticed a sculptor of flesh
    42 | D        | Killed a bag of meat
    43 | D        | Noticed a bag of meat
    43 | D        | Killed a bag of meat
    44 | D        | Killed an eight-headed meat hydra
    44 | D        | Killed a meat berserker
    44 | D        | Reached skill level 27 in Armour
    44 | D        | Killed a bag of meat
    44 | D        | Reached XP level 22. HP: 233/233 MP: 10/47
    44 | D        | Killed a bag of meat
    44 | D        | Killed a bag of meat
    45 | D        | Noticed a meat berserker
    45 | D        | Killed a bag of meat
    45 | D        | Reached skill level 27 in Throwing
    45 | D        | Killed a bag of meat
    45 | D        | Killed a sculptor of flesh
    46 | D        | Killed a bag of meat
    46 | D        | Reached skill level 15 in Stealth
    47 | D        | Noticed a destroyer
    47 | D        | Killed a bag of meat
    47 | D        | Reached skill level 15 in Unarmed Combat
    47 | D        | Reached skill level 15 in Invocations
    47 | D        | Reached XP level 23. HP: 240/240 MP: 11/47
    47 | D        | Killed a bag of meat
    47 | D        | Killed a destroyer
    48 | D        | Killed a bag of meat
    48 | D        | Killed a sculptor of flesh
    48 | D        | Killed a bag of meat
    49 | D        | Noticed an accursed
    49 | D        | Killed a destroyer
    50 | D        | Killed a bag of meat
    50 | D        | Killed a meat berserker
    50 | D        | Reached XP level 24. HP: 249/249 MP: 12/48
    50 | D        | Killed a bag of meat
    50 | D        | Reached skill level 27 in Stealth
    50 | D        | Killed a bag of meat
    50 | D        | Reached skill level 27 in Unarmed Combat
    50 | D        | Reached skill level 27 in Invocations
    51 | D        | Killed a bag of meat
    52 | D        | Killed a sculptor of flesh
    52 | D        | Killed a bag of meat
    52 | D        | Killed a sculptor of flesh
    55 | D        | Noticed a meat berserker
    56 | D        | Noticed a tyrant
    56 | D        | Killed a destroyer
    57 | D        | Noticed a meat berserker
    57 | D        | Noticed a tyrant
    58 | D        | Noticed The Captor
    59 | D        | Noticed a large bag of meat
    59 | D        | Killed a meat berserker
    60 | D        | Noticed a meat berserker
    62 | D        | Killed a meat berserker
    62 | D        | Reached XP level 25. HP: 195/257 MP: 15/48
    64 | D        | Killed The Captor
    64 | D        | Killed a large bag of meat
    65 | D        | Noticed a dread
    65 | D        | Noticed a meat berserker
    66 | D        | Killed a meat berserker
    67 | D        | Noticed a meat berserker
    67 | D        | Killed a tyrant
    69 | D        | Noticed a bag of meat
    69 | D        | Killed a tyrant
    69 | D        | Killed a meat berserker
    69 | D        | Killed a meat berserker
    70 | D        | Noticed a dread
    71 | D        | Killed an accursed
    71 | D        | Killed a bag of meat
    73 | D        | Noticed a meat berserker
    73 | D        | Noticed a meat berserker
    74 | D        | Noticed an eight-headed meat hydra
    75 | D        | Killed a dread
    75 | D        | Reached XP level 26. HP: 190/266 MP: 17/48
    77 | D        | Noticed a bag of meat
    77 | D        | Killed a dread
    78 | D        | Killed a meat berserker
    79 | D        | Noticed a meat beast
    81 | D        | Killed a bag of meat
    82 | D        | Noticed a bag of meat
    82 | D        | Noticed a wretched soul
    83 | D        | Noticed a bag of meat
    83 | D        | Noticed a meat berserker
    84 | D        | Noticed a meat berserker
    85 | D        | Killed a nine-headed meat hydra
    86 | D        | Killed a meat berserker
    87 | D        | Killed a meat berserker
    88 | D        | Noticed a meat beast
    88 | D        | Killed a bag of meat
    89 | D        | Killed a meat beast
    90 | D        | Noticed a dread
    90 | D        | Killed a bag of meat
    93 | D        | Noticed a dread
    94 | D        | Noticed a meat berserker
    94 | D        | Noticed an observer
    94 | D        | Noticed an observer
    95 | D        | Noticed a bag of meat
    95 | D        | Noticed an accursed
    95 | D        | Noticed a meat berserker
    96 | D        | Killed an observer
    96 | D        | Reached XP level 27. HP: 50/273 MP: 24/49
    96 | D        | Killed a dread
    98 | D        | Killed a meat berserker
    99 | D        | Noticed a bag of meat
    99 | D        | Noticed a bag of meat
    99 | D        | Noticed a bag of meat
    99 | D        | Noticed an eight-headed meat hydra
   100 | D        | Noticed an observer
   100 | D        | Noticed an observer
   100 | D        | Noticed a meat beast
   100 | D        | Noticed a dread
   100 | D        | Killed an observer
   100 | D        | Killed a bag of meat
   100 | D        | Killed a dread
   100 | D        | Killed a meat berserker
   101 | D        | Noticed a meat beast
   101 | D        | Killed a meat berserker
   101 | D        | Noticed a bag of meat
   101 | D        | Noticed an eight-headed meat hydra
   102 | D        | Noticed a sculptor of flesh
   102 | D        | Noticed a dread
   102 | D        | Killed a dread
   103 | D        | Noticed a dread
   103 | D        | Killed a meat beast
   104 | D        | Noticed a meat berserker
   104 | D        | Killed a meat beast
   105 | D        | Noticed a meat berserker
   105 | D        | Noticed a bag of meat
   105 | D        | Noticed a bag of meat
   105 | D        | Noticed a bag of meat
   106 | D        | Noticed a meat berserker
   106 | D        | Killed a dread
   106 | D        | Killed a bag of meat
   106 | D        | Killed a nine-headed meat hydra
   107 | D        | Noticed an observer
   107 | D        | Killed an observer
   108 | D        | Noticed a bag of meat
   108 | D        | Noticed a meat berserker
   108 | D        | Killed a bag of meat
   109 | D        | Noticed a tyrant
   109 | D        | Killed an accursed
   109 | D        | Killed a bag of meat
   109 | D        | Killed a bag of meat
   110 | D        | Noticed a meat beast
   110 | D        | Killed an observer
   110 | D        | Killed a meat berserker
   110 | D        | Killed a meat berserker
   111 | D        | Noticed a bag of meat
   111 | D        | Noticed a bag of meat
   112 | D        | Noticed a meat berserker
   112 | D        | Noticed a meat beast
   112 | D        | Killed a nine-headed meat hydra
   112 | D        | Noticed a meat beast
   113 | D        | Noticed a wretched soul
   113 | D        | Killed a bag of meat
   113 | D        | Killed a sculptor of flesh
   113 | D        | Killed a bag of meat
   113 | D        | Noticed a bag of meat
   114 | D        | Noticed an observer
   114 | D        | Killed a meat berserker
   114 | D        | Killed a meat berserker
   114 | D        | Killed a dread
   115 | D        | Noticed a bag of meat
   115 | D        | Noticed a bag of meat
   115 | D        | Noticed a wretched soul
   115 | D        | Killed a bag of meat
   115 | D        | Killed a meat beast
   115 | D        | Killed a meat beast
   116 | D        | Noticed a bag of meat
   116 | D        | Killed a meat beast
   117 | D        | Killed a tyrant
   117 | D        | Killed an observer
   118 | D        | Noticed a bag of meat
   118 | D        | Killed a meat berserker
   118 | D        | Killed a bag of meat
   119 | D        | Noticed a bag of meat
   120 | D        | Noticed a bag of meat
   120 | D        | Killed a bag of meat
   120 | D        | Killed a bag of meat
   120 | D        | Killed a bag of meat
   121 | D        | Noticed a meat berserker
   121 | D        | Killed a bag of meat
   121 | D        | Killed a wretched soul
   121 | D        | Killed a bag of meat
   122 | D        | Killed a bag of meat
   123 | D        | Noticed an observer
   123 | D        | Killed a wretched soul
   124 | D        | Noticed a fleshlord
   124 | D        | Noticed an observer
   124 | D        | Noticed an accursed
   124 | D        | Killed an observer
   125 | D        | Killed a bag of meat
   126 | D        | Killed a bag of meat
   127 | D        | Noticed a fleshlord
   127 | D        | Noticed a bag of meat
   127 | D        | Killed a meat berserker
   128 | D        | Noticed a bag of meat
   128 | D        | Noticed a meat berserker
   128 | D        | Noticed a bag of meat
   129 | D        | Killed a meat berserker
   130 | D        | Noticed a bag of meat
   130 | D        | Killed a bag of meat
   131 | D        | Noticed a fleshlord
   131 | D        | Killed a fleshlord
   131 | D        | Killed a wretched soul
   131 | D        | Killed an observer
   132 | D        | Noticed a bag of meat
   132 | D        | Killed an observer
   132 | D        | Killed a bag of meat
   133 | D        | Noticed a meat berserker
   133 | D        | Noticed a bag of meat
   133 | D        | Killed a bag of meat
   134 | D        | Noticed a meat berserker
   134 | D        | Killed a fleshlord
   135 | D        | Noticed a meat berserker
   135 | D        | Noticed a meat berserker
   136 | D        | Killed a bag of meat
   136 | D        | Killed an accursed
   137 | D        | Noticed a fleshlord
   137 | D        | Noticed a fleshlord
   137 | D        | Killed a bag of meat
   137 | D        | Killed a fleshlord
   138 | D        | Noticed a bag of meat
   138 | D        | Noticed a fleshlord
   138 | D        | Noticed an accursed
   138 | D        | Killed a bag of meat
   138 | D        | Killed a meat berserker
   138 | D        | Killed a bag of meat
   138 | D        | Noticed a bag of meat
   139 | D        | Noticed a bag of meat
   139 | D        | Killed a meat berserker
   139 | D        | Killed a meat berserker
   140 | D        | Noticed a fleshlord
   140 | D        | Noticed a fleshlord
   140 | D        | Noticed a fleshlord
   140 | D        | Noticed an accursed
   140 | D        | Killed a meat berserker
   141 | D        | Noticed an accursed
   141 | D        | Noticed a bag of meat
   141 | D        | Noticed an observer
   142 | D        | Noticed a destroyer
   142 | D        | Noticed The Meatlord
   143 | D        | Noticed a bag of meat
   143 | D        | Killed a fleshlord
   144 | D        | Killed a bag of meat
   144 | D        | Killed a fleshlord
   144 | D        | Killed a destroyer
   144 | D        | Killed a fleshlord
   144 | D        | Killed a bag of meat
   145 | D        | Noticed a meat berserker
   145 | D        | Killed a bag of meat
   146 | D        | Noticed a meat berserker
   146 | D        | Killed a fleshlord
   146 | D        | Killed a fleshlord
   146 | D        | Killed a fleshlord
   147 | D        | Noticed a bag of meat
   148 | D        | Killed an accursed
   148 | D        | Killed an observer
   148 | D        | Killed a bag of meat
   148 | D        | Noticed a destroyer
   149 | D        | Killed a meat berserker
   149 | D        | Killed a meat berserker
   149 | D        | Killed an accursed
   150 | D        | Killed a bag of meat
   150 | D        | Killed The Meatlord
   151 | D        | Got the Orb of Zot
   152 | D        | Noticed a meat berserker
   152 | D        | Noticed a meat berserker
   152 | D        | Killed an accursed
   152 | D        | Killed a bag of meat
   153 | D        | Noticed a meat berserker
   153 | D        | Noticed a bag of meat
   153 | D        | Noticed a meat berserker
   154 | D        | Noticed a fleshlord
   154 | D        | Noticed a fleshlord
   154 | D        | Noticed a meat berserker
   154 | D        | Noticed a fleshlord
   154 | D        | Noticed a meat berserker
   154 | D        | Noticed a meat berserker
   155 | D        | Noticed a bag of meat
   155 | D        | Noticed a fleshlord
   155 | D        | Noticed an accursed
   155 | D        | Killed a meat berserker
   156 | D        | Noticed a sculptor of flesh
   156 | D        | Noticed a bag of meat
   156 | D        | Noticed a bag of meat
   156 | D        | Noticed a meat berserker
   156 | D        | Noticed a meat berserker
   156 | D        | Killed a meat berserker
   156 | D        | Killed a meat berserker
   156 | D        | Killed a meat berserker
   157 | D        | Noticed a fleshlord
   157 | D        | Noticed a sculptor of flesh
   157 | D        | Killed a meat berserker
   157 | D        | Killed a meat berserker
   157 | D        | Killed a meat berserker
   157 | D        | Killed a bag of meat
   158 | D        | Noticed a fleshlord
   158 | D        | Noticed a bag of meat
   158 | D        | Noticed a meat beast
   158 | D        | Noticed a destroyer
   158 | D        | Killed a fleshlord
   158 | D        | Killed a fleshlord
   159 | D        | Killed a destroyer
   159 | D        | Killed a destroyer
   160 | D        | Killed a meat berserker
   160 | D        | Killed a fleshlord
   160 | D        | Killed a meat berserker
   160 | D        | Killed a meat beast
   161 | D        | Noticed a fleshlord
   161 | D        | Noticed a destroyer
   161 | D        | Noticed a bag of meat
   161 | D        | Killed a fleshlord
   162 | D        | Noticed a sculptor of flesh
   162 | D        | Mangled by a sculptor of flesh

Action                   |  1- 3 |  4- 6 |  7- 9 | 10-12 | 13-15 | 16-18 | 19-21 | 22-24 | 25-27 || total
-------------------------+-------+-------+-------+-------+-------+-------+-------+-------+-------++-------
Melee: Executioner's axe |     1 |       |       |     1 |     4 |    10 |    11 |    11 |    70 ||   108
 Cast: Apportation       |       |       |       |       |       |       |       |       |     1 ||     1
